 Dungeon Crawl Stone Soup version 0.30-a0-883-g5ad918d (webtiles) character file.

Game seed: 3321548515803745865

60 Nithhogg the Trooper (level 4, -3/40 HPs)
             Began as a Hill Orc Fighter on Mar 15, 2023.
             Slain by Terence
             ... wielding a +0 flail
              (10 damage)
             ... on level 3 of the Dungeon.
             The game lasted 00:03:45 (1631 turns).

Nithhogg the Trooper (Hill Orc Fighter)             Turns: 1631, Time: 00:03:45

Health: -3/40      AC:  7    Str: 20    XL:     4   Next: 6%
Magic:  5/5        EV:  9    Int:  8    God:
Gold:   103        SH:  0    Dex: 10    Spells: 3/3 levels left

rFire   . . .      SeeInvis .    a - +0 war axe
rCold   . . .      Faith    .    (no shield)
rNeg    . . .      Spirit   .    b - +0 scale mail
rPois   .          Reflect  .    (no helmet)
rElec   .          Rampage  .    (no cloak)
rCorr   .                        (no gloves)
Will    .....                    (no boots) Stlth
                                 (no amulet)
HPRegen 0.26/turn                (no ring)
MPRegen 0.09/turn                (no ring)

@: no status effects
A: no striking features
a: no special abilities


You were on level 3 of the Dungeon.
You visited 1 branch of the dungeon, and saw 3 of its levels.

You collected 103 gold pieces.

Inventory:

Hand Weapons
 a - a +0 war axe (weapon)
Armour
 b - a +0 scale mail (worn)
 c - a +0 buckler
Wands
 l - a wand of paralysis (8)
Scrolls
 f - 4 scrolls of teleportation {unknown}
 g - a scroll of noise {unknown}
 h - 3 scrolls of immolation {unknown}
 j - 2 scrolls of enchant weapon {unknown}
 m - 2 scrolls of identify {unknown}
Potions
 d - a potion of might
 e - a potion of attraction {unknown}
 i - 2 potions of curing
 k - a potion of mutation {unknown}


   Skills:
 + Level 4.2 Fighting
 * Level 4.0 Axes
 + Level 3.7 Armour
 - Level 3.2 Shields
 + Level 1.8 Invocations


You had 3 spell levels left.
You didn't know any spells.
Your spell library contained the following spells:

 Spells                   Type           Power      Damage    Failure   Level
 Animate Dead             Necr           0%         N/A       100%        4
 Haunt                    Necr/Summ      0%         N/A       100%        7
 Infestation              Necr           0%         N/A       100%        8


Dungeon Overview and Level Annotations

Branches:
Dungeon (3/15)

Altars:

Shops:
D:2 (

Annotations:
D:3 Terence


Message History

You open the door.
There is an open door here.
Terence the Incautious comes into view.
He is wielding a +0 flail.
Terence shouts!
Terence is nearby!
Terence drinks a potion.
Terence goes berserk!
You barely miss Terence. Terence hits you with a +0 flail. x2
You slash Terence!
Terence is moderately wounded.
Terence hits you with a +0 flail! Terence misses you.
You are too injured to fight recklessly!
You are too injured to fight recklessly!
You are too injured to fight recklessly!
You are too injured to fight recklessly!
You are too injured to fight recklessly!
You are too injured to fight recklessly!
You are too injured to fight recklessly!
You are too injured to fight recklessly!
You are too injured to fight recklessly!
You are too injured to fight recklessly!
You are too injured to fight recklessly!
You are too injured to fight recklessly!
You are too injured to fight recklessly!
You are too injured to fight recklessly!
Unknown command.
Okay, then.
Terence attacks as you move away! Terence misses you.
An endoplasm comes into view.
Terence attacks as you move away! Terence barely misses you.
The endoplasm quivers.
Terence barely misses you. Terence attacks as you move away!
Terence hits you with a +0 flail!
* * * LOW HITPOINT WARNING * * *
It was a potion of curing.
You feel better. The endoplasm barely misses you. Terence closely misses you.
You hear a shout!
The endoplasm attacks as you move away!
The endoplasm hits you but does no damage.
Terence hits you with a +0 flail!
You die...

#.# #.........#
..# #.#########
#.# #.# #.# #.#
#.# #.# #.# #.#
#.# #.# #.# #.#
#.###@########
#...@.........
#...J.........
#...............
#.........######
##..#######
..... ......
#....


You could see Terence (berserk) and an endoplasm.

Vanquished Creatures
  An adder (D:2)
  A worm (D:2)
  A dart slug (D:2)
  8 bats
  5 endoplasms
  2 giant cockroaches
  2 goblins (D:1)
  2 hobgoblins (D:1)
  4 jackals (D:2)
  2 quokkas
  7 ball pythons
  3 frilled lizards (D:1)
  4 kobolds
  3 rats
45 creatures vanquished.

Notes
Turn   | Place    | Note
-------+----------+-------------------------------------------
     0 | D:1      | Nithhogg the Hill Orc Fighter began the quest for the Orb.
     0 | D:1      | Reached XP level 1. HP: 19/19 MP: 1/1
    81 | D:1      | Reached XP level 2. HP: 24/27 MP: 2/2
   226 | D:1      | Found a faded altar of an unknown god.
   289 | D:1      | Reached skill level 1 in Invocations
   339 | D:1      | You fall into a shaft and drop 1 floor!
   587 | D:1      | Reached XP level 3. HP: 33/33 MP: 3/3
  1183 | D:2      | Found Koatz's Antique Weapon Emporium.
  1487 | D:2      | Reached XP level 4. HP: 34/40 MP: 5/5
  1621 | D:3      | Noticed Terence
  1628 | D:3      | HP: 1/40 [Terence/+0 flail (13)]
  1631 | D:3      | Slain by Terence

Illustrated notes

Levels and vault maps discovered:
D:1:      ebering_hopf_link, layout_loops_ring,
          chequers_ecumenical_altar_island, minivault_11, serial_bayou_lake_a
D:2:      layout_loops_ring, serial_shops, shop,
          minmay_fractal_squares_gapless_5
D:3:      layout_basic, lemuel_doored_altar, serial_shops, shop,
          serial_bayou_pond_d, uniq_ijyb, uniq_terence

Skill      XL: |  1  2  3 |
---------------+----------+-----
Axes           | 3 4 |  4.0
Invocations    | 1 |  1.8
Fighting       | 4 |  4.2
Armour         | |  3.7
Shields        | |  3.2

Action                     |  1- 3 |  4- 6 || total
---------------------------+-------+-------++-------
  Melee: War axe           |   117 |     6 ||   123
         Punch             |     1 |       ||     1
    Use: Potion            |     1 |     1 ||     2
 Armour: Scale mail        |    70 |     2 ||    72
  Dodge: Dodged            |    62 |    10 ||    72

Table legend: (Time is in decaauts)
 A = Elapsed time spent in this place.
 B = Non-inter-level travel time spent in this place.
 C = Inter-level travel time spent in this place.
 D = Time resting spent in this place.
 E = Time spent auto-exploring this place.
 F = Levels seen in this place.
 G = Mean time per level.
                   A        B        C        D        E       F      G
               +--------+--------+--------+--------+--------+-----+--------+
         Total |   1714 |   1658 |     56 |      0 |   1352 |   3 |  571.3 |
       Dungeon |   1714 |   1658 |     56 |      0 |   1352 |   3 |  571.3 |
               +--------+--------+--------+--------+--------+-----+--------+

Top non-repeatable levels by time:
     D:1: 916 daAuts
     D:2: 746 daAuts
     D:3: 52 daAuts
